 Dungeon Crawl Stone Soup version 0.31-a0-188-g5e087ee2ca (webtiles) character file.

Game seed: 6775570268027185927

261 qw the Skirmisher (level 5, 0/30 HPs)
             Began as a Deep Elf Hunter on June 23, 2023.
             Slain by Grinder (3 damage)
             ... on level 3 of the Dungeon.
             The game lasted 00:00:39 (1549 turns).

qw the Skirmisher (Deep Elf Hunter)                 Turns: 1549, Time: 00:00:40

Health: 0/30       AC:  6    Str: 10    XL:     5   Next: 96%
Magic:  7/7        EV: 11    Int: 14    God:
Gold:   37         SH:  0    Dex: 18    Spells: 4/4 levels left

rFire   . . .        Y - +1 shortbow
rCold   . . .        (shield currently unavailable)
rNeg    + . .        l - +0 ring mail
rPois   .            (no helmet)
rElec   .            b - +0 cloak
rCorr   .            (no gloves)
SInv    .            (no boots)
Will    .....        (no amulet)
Stlth   +            k - ring of positive energy
HPRegen 0.25/turn    (no ring)
MPRegen 0.10/turn

%: no passive effects
@: no status effects
A: no striking features
a: no special abilities


You were on level 3 of the Dungeon.
You visited 1 branch of the dungeon, and saw 3 of its levels.

You collected 73 gold pieces.
You spent 36 gold pieces at shops.


   Skills:
 + Level 1.8 Fighting
 - Level 9.4 Ranged Weapons
 - Level 2.4 Dodging
 - Level 1.2 Stealth


You had 4 spell levels left.
You didn't know any spells.
Your spell library was empty.

Inventory:

Hand Weapons
 Y - a +1 shortbow (weapon)
Armour
 b - a +0 cloak (worn)
 l - a +0 ring mail (worn)
Jewellery
 k - a ring of positive energy (left hand)
Potions
 a - a potion of ambrosia {unknown}
 c - a potion of brilliance {unknown}
 d - a potion of mutation {unknown}
 j - a potion of curing

Dungeon Overview and Level Annotations

Branches:
Dungeon (3/15)

Altars:

Shops:
D:2 ([!:

Annotations:
D:3 Grinder


Message History

Grinder gestures at you.
You struggle to resist.
You shoot an arrow. The arrow hits Grinder.
Grinder is moderately wounded.
Grinder hits you.
You writhe in agony.
You shoot an arrow. The arrow closely misses Grinder.
Grinder hits you!
You shoot an arrow. The arrow hits Grinder.
Grinder is moderately wounded.
Grinder blinks!
You shoot an arrow.
The arrow hits Grinder but does no damage.
Grinder is moderately wounded.
Grinder blinks!
You shoot an arrow.
The arrow hits Grinder but does no damage.
Grinder is moderately wounded.
Grinder hits you.
You writhe in agony.
You shoot an arrow. The arrow hits Grinder.
Grinder is moderately wounded.
Grinder barely misses you.
You shoot an arrow.
The arrow hits Grinder but does no damage.
Grinder is moderately wounded.
Grinder says, "Mostly I couldn't keep them alive."
Grinder closely misses you.
You shoot an arrow. The arrow hits Grinder!
Grinder is severely wounded.
Grinder completely misses you.
You shoot an arrow. The arrow hits Grinder.
Grinder is severely wounded.
Grinder hits you but does no damage. Grinder closely misses you.
You shoot an arrow. The arrow hits Grinder.
Grinder is almost dead.
Grinder says, "Just stop there for a second..."
Grinder hits you.
You writhe in agony.
You shoot an arrow. The arrow hits Grinder.
Grinder is almost dead.
Grinder hits you.
You die...

#####.###.#
... #....#####
#.###<.......
#
#..#.######..
#.#.#.).......
#.#.#.########
####.....#
........)#
#####..@.#
##.#5# #.#.#
#.#.# #....
#.... .. ...
.. ...


You could see Grinder.

Vanquished Creatures
  Sigmund (D:2)
  Terence (D:2)
  2 adders (D:2)
  2 dart slugs
  An orc (D:3)
  5 endoplasms
  3 giant cockroaches (D:1)
  7 goblins
  A hobgoblin (D:1)
  7 jackals (D:1)
  6 quokkas
  2 ball pythons (D:1)
  4 bats
  5 kobolds
  4 rats
51 creatures vanquished.

Notes
Turn   | Place    | Note
-------+----------+-------------------------------------------
     0 | D:1      | qw the Deep Elf Hunter began the quest for the Orb.
     0 | D:1      | Reached XP level 1. HP: 12/12 MP: 3/3
     0 | D:1      | 0 ||| qw: Version: 0.3-a-9-g12657ce
     0 | D:1      | 0 ||| qw: Game counter: 4331
     0 | D:1      | 0 ||| qw: Always use a shield: true
     0 | D:1      | 0 ||| qw: God list: Okawaru
     0 | D:1      | 0 ||| qw: Allow faded altars: false
     0 | D:1      | 0 ||| qw: Do Orc after D:15 true
     0 | D:1      | 0 ||| qw: Do second Lair branch before Depths: true
     0 | D:1      | 0 ||| qw: Lair rune preference: random
     0 | D:1      | 0 ||| qw: Plans: Normal
     0 | D:1      | 0 ||| PLANNING D:1-11
   191 | D:1      | Reached skill level 6 in Ranged Weapons
   191 | D:1      | Reached XP level 2. HP: 16/16 MP: 4/4
   360 | D:1      | Reached XP level 3. HP: 20/20 MP: 5/5
   640 | D:1      | 640 ||| UPGRADING to +0 ring mail.
   650 | D:1      | 650 ||| DROPPING +0 leather armour.
   651 | D:1      | 651 ||| UPGRADING to ring of positive energy.
   652 | D:1      | 652 ||| READING scroll labelled XUVOED DEZARO.
   653 | D:1      | 653 ||| READING scroll labelled LONONI REIMOULUDO.
   654 | D:1      | 654 ||| READING scroll labelled COBI IGOHELU.
   655 | D:1      | 655 ||| READING scroll labelled QINYDE NINK.
   656 | D:1      | 656 ||| READING scroll labelled QUMIPP IGI GEL.
   657 | D:1      | 657 ||| DRINKING 2 murky sapphire potions.
   658 | D:1      | 658 ||| DROPPING scroll of butterflies.
   659 | D:1      | 659 ||| DROPPING potion of attraction.
   686 | D:2      | Reached skill level 7 in Ranged Weapons
   775 | D:2      | Found Myicad's Distillery.
   783 | D:2      | 783 ||| BUYING potion of curing (36 gold).
   783 | D:2      | Bought a potion of curing for 36 gold pieces
   783 | D:2      | 783 ||| SHOPLISTING potion of curing (36 gold, have 5).
   783 | D:2      | 783 ||| SHOPLISTING potion of enlightenment (60 gold, have
                  | 5).
   855 | D:2      | Noticed Terence
   863 | D:2      | HP: 3/20 [Terence/+0 falchion (6)]
   864 | D:2      | Killed Terence
   865 | D:2      | Reached XP level 4. HP: 4/25 MP: 6/6
   999 | D:2      | Found Forphat's Weapon Boutique.
  1089 | D:2      | Noticed Sigmund
  1096 | D:2      | 1096 ||| DRINKING 2 potions of curing.
  1096 | D:2      | 1096 ||| (to cure confusion)
  1101 | D:2      | Killed Sigmund
  1102 | D:2      | Reached skill level 9 in Ranged Weapons
  1102 | D:2      | Reached XP level 5. HP: 29/29 MP: 7/7
  1118 | D:2      | Found Jor Ylon's Armour Shop.
  1123 | D:2      | 1123 ||| SHOPLISTING +1 leather armour of Tathreig {Will-
                  | Int+6 Dex+4} (400 gold, have 32).
  1202 | D:2      | Found Gewedomu's Book Boutique.
  1217 | D:2      | 1217 ||| UPGRADING to +0 cloak.
  1487 | D:2      | 1487 ||| READING scroll labelled CUQUATH BUEM.
  1491 | D:2      | 1491 ||| READING scroll labelled EGIGAN GUCI.
  1529 | D:3      | Noticed Grinder
  1535 | D:3      | Paralysed by Grinder for 3 turns
  1543 | D:3      | HP: 7/30 [Grinder (1)]
  1548 | D:3      | HP: 4/30 [Grinder (4)]
  1549 | D:3      | Slain by Grinder

Levels and vault maps discovered:
D:1:      scummos_arrival_simple_fountains, layout_basic,
          minmay_tree_intersection
D:2:      layout_basic, serial_curves, eino_curves_02, eino_curves_02,
          eino_curves_04, eino_curves_04, serial_shops,
          nicolae_shop_industrial_runoff, shop, nicolae_shop_advertising_works
          [nicolae_subvault_shop_adworks], nicolae_shop_tiny_real_fake_doors,
          grunt_decor_junction, uniq_terence, uniq_sigmund
D:3:      layout_loops_ring, uniq_robin, uniq_grinder, uniq_natasha,
          uniq_jessica

Skill      XL: |  1  2  3  4 |
---------------+-------------+-----
Ranged Weapons | 6 7 9 |  9.4
Fighting       | |  1.8
Dodging        | |  2.4
Stealth        | |  1.2

Action                     |  1- 3 |  4- 6 || total
---------------------------+-------+-------++-------
   Fire: Shortbow          |    93 |    50 ||   143
    Use: Scroll            |     5 |     2 ||     7
         Potion            |     1 |     1 ||     2
 Armour: Leather armour    |     6 |       ||     6
         Ring mail         |     2 |     3 ||     5
  Dodge: Dodged            |    10 |    10 ||    20

Table legend:
 A = Non-vault XP
 B = Vault XP
 C = Vault XP percentage of total XP
 D = Non-vault monster count
 E = Vault monster count
 F = Vault count percentage of total count
                 A         B        C        D         E       F
            +---------+---------+-------+---------+---------+-------
      Total |     111 |     262 |  70.2 |      49 |       2 |   3.9
            +---------+---------+-------+---------+---------+-------
        D:1 |      61 |       0 |   0.0 |      34 |       0 |   0.0
        D:2 |      42 |     262 |  86.2 |      11 |       2 |  15.4
        D:3 |       8 |       0 |   0.0 |       4 |       0 |   0.0
            +---------+---------+-------+---------+---------+-------
